Semilg, lawful female dwarven Valkyrie ------ |.{..| ####|....-########## `####@I#fx##x##########|....|# # ----.--------- ##-....|# ##.............| ------# |..<.........| ##################### -------------- Semilg the Fighter Experience level: 6 Strength: 16 Dexterity: 17 Constitution: 19 Intelligence: 7 Wisdom: 10 Charisma: 7 Health: 0(100) Energy: 1(1) Def: 4 Gold: 765 Moves: 3175 Dungeon seed: Yzw7-arv3X9Tl_9_ Game ID: Semilg_1633709785 Your Inventory: Coins $ - 765 gold pieces Amulets k - an uncursed amulet of ESP Weapons a - an uncursed +1 long sword (weapon in hand) b - an uncursed +0 dagger f - an uncursed +0 bow h - an uncursed +0 broadsword l - an uncursed +0 bow o - 5 uncursed +0 darts B - a cursed +0 orcish spear I - an uncursed +0 long sword K - an uncursed +0 halberd Armor e - an uncursed +3 small shield (being worn) n - a cursed -1 helm of opposite alignment q - an uncursed +0 orcish helm Comestibles j - an uncursed pancake u - an uncursed fortune cookie z - 3 uncursed food rations Scrolls m - an uncursed scroll of enchant armor v - 2 uncursed scrolls of magic mapping x - an uncursed scroll of recall D - 3 uncursed scrolls of blank paper E - 2 cursed scrolls of blank paper Spellbooks C - an uncursed spellbook of knock Potions p - an uncursed potion of healing A - an uncursed potion of speed F - an uncursed potion of enlightenment Rings H - a blessed +1 ring of carrying Wands w - an uncursed wand of cold (0:5) Tools d - an uncursed oil lamp (0:1044) g - an uncursed stethoscope i - an uncursed tin whistle t - an uncursed lock pick J - an uncursed mirror Gems r - 3 uncursed worthless pieces of blue glass y - 2 uncursed worthless pieces of orange glass Spells and supernatural/magical abilities: Name Level Category Cost Memory W - pray for help -- divine ? -- Your skills at the end: Fighting Skills wands [Basic] Weapon Skills dagger [Basic] long sword [Basic] Spellcasting Skills Final Attributes: You were piously aligned. You were immune to cold. You were poison resistant. You had infravision. You were stealthy. Tyr was noncommittal. You are dead. Vanquished creatures: a leprechaun 2 blue jellies an imp a mountain nymph a rock piercer a rock mole a fog cloud a violet fungus a gray ooze 2 paper golems a giant ant 2 floating eyes a kobold shaman a monkey 2 iguanas an acid blob 2 large kobolds a hobgoblin a giant rat a brown mold a green mold a gecko 4 jackals 2 kobolds a goblin 2 sewer rats 4 grid bugs 4 lichens 4 newts 48 creatures vanquished. Voluntary challenges: You followed a strict vegan diet. You were an atheist. You used a wielded weapon 84 times, starting on turn 340. You were illiterate. You never genocided any monsters. You never polymorphed an object. You never changed form. You used no wishes. You never split a pudding. You never wrote Elbereth's name. You never violated your personal moral code. Dungeon overview: The Dungeons of Doom: levels 1 to 8 Level 1 a long staircase Level 2 a vault stairs to The Gnomish Mines Level 3 a general store, a sink Level 4 a fountain Level 5 some fountains, a vault Level 6 Level 7 Level 8 <- You were here a fountain The Gnomish Mines: Level 3 stairs to The Dungeons of Doom History has recorded: On T:1 you entered the Dungeons of Doom to retrieve the Amulet of Yendor! On T:60 you reached level 2 of The Dungeons of Doom. On T:273 you reached level 1 of The Gnomish Mines. On T:440 you reached level 3 of The Dungeons of Doom. On T:679 you advanced to experience level 2. On T:687 you reached level 4 of The Dungeons of Doom. On T:1112 you advanced to experience level 3. On T:1191 you reached level 5 of The Dungeons of Doom. On T:1558 you reached level 6 of The Dungeons of Doom. On T:1660 you advanced to experience level 4. On T:2204 you advanced to experience level 5. On T:2305 you reached level 7 of The Dungeons of Doom. On T:2798 you reached level 8 of The Dungeons of Doom. On T:3030 you advanced to experience level 6. Score breakdown: Gold: 765 ( 9811 points) Experience: 6 levels (12456 points) Exploration: 8 levels ( 17.39%) (11832 points) Discoveries: 1 item ( 0.40%) ( 1897 points) Valuables value: (no points given unless you survive) Artifact value: 0 ( 0 points) Variety of kills: 29 monsters ( 7.63%) ( 8287 points) Turncount: 3175 turns ( -683 points) Survival: died (score multiplied by 80%) Total score: 34880 Latest messages: Its sting was poisoned! It hits! Its sting was poisoned! It just misses! It hits! (2x) Its sting was poisoned! It bites! It hits! It misses. It bites! Wait! There's something there you can't see! It hits! (2x) It misses. You miss it. It hits! (2x) It bites! It hits! (2x) Its sting was poisoned! Valkyrie, your life force is running out. It bites! You die... For some reason, you think that you can almost hear the Wizard laugh manically... Final status: Farvel Semilg the Valkyrie, killed by an invisible quasit... You died in The Dungeons of Doom on dungeon level 8 with 34880 points, and 765 pieces of gold, after 3175 moves. You were level 6 with a maximum of 100 hit points when you died.